 Dungeon Crawl Stone Soup version 0.21.1-1-g345015f (webtiles) character file.

51 prawnwizard the Insei (level 3, -6/23 HPs)
             Began as an Octopode Transmuter on July 22, 2018.
             Was an Initiate of Gozag.
             Mangled by a gnoll
             ... wielding a +1 halberd of distortion
              (10 damage)
             ... on level 2 of the Dungeon.
             The game lasted 00:01:56 (1308 turns).

prawnwizard the Insei (Octopode Transmuter)         Turns: 1308, Time: 00:01:56

Health: -6/23      AC:  1    Str:  9    XL:     3   Next: 83%
Magic:  6/6        EV: 17    Int: 15    God:    Gozag
Gold:   141        SH:  0    Dex: 13    Spells: 3/6 levels left

rFire    . . .     SeeInvis .     - Unarmed
rCold    . . .     Gourm    .   (no shield)
rNeg     . . .     Faith    .   (helmet restricted)
rPois    .         Spirit   .   (no amulet)
rElec    .         Reflect  .   d - +4 ring of evasion
rCorr    .         Harm     .   (no ring)
MR       .....                  (no ring)
Stlth    ++........             (no ring)
HPRegen  0.07/turn              (no ring)
MPRegen  0.10/turn              (no ring)
                                (no ring)
                                (no ring)

@: lethally poisoned (-6 -> -7)
A: almost no armour, stealthy swim, amphibious, 8 rings, constrict 8, camouflage
1, gelatinous body 1
a: Potion Petition, Call Merchant, Bribe Branch, Renounce Religion


You were on level 2 of the Dungeon.
You worshipped Gozag.
Gozag was aware of your devotion.
You were not hungry.

You visited 1 branch of the dungeon, and saw 2 of its levels.

You collected 177 gold pieces.
You paid 36 gold pieces to Gozag.

Inventory:

Missiles
 a - 30 arrows
Jewellery
 d - a +4 ring of evasion (left tentacle)
Scrolls
 e - a scroll of random uselessness {unknown}
 f - 3 scrolls of remove curse {unknown}
 h - a scroll of magic mapping {unknown}
 j - 5 scrolls of identify {unknown}
 l - a scroll of teleportation {unknown}
Potions
 g - 2 potions of curing {unknown}
 i - 2 potions of haste {unknown}
 k - a potion of brilliance {unknown}
Books
 b - a book of Changes

   Spells                             Type                      Level
   a - Beastly Appendage              Transmutation                1
   b - Sticks to Snakes               Transmutation                2
   c - Spider Form                    Transmutation/Poison         3
   d - Ice Form                       Ice/Transmutation            4
   e - Blade Hands                    Transmutation                5
Comestibles
 c - 6 rations


   Skills:
 + Level 1.5 Fighting
 + Level 2.3 Dodging
 * Level 3.6 Unarmed Combat
 + Level 2.3 Spellcasting
 + Level 2.4 Transmutations


You had 3 spell levels left.
You knew the following spells:

 Your Spells              Type           Power        Failure   Level  Hunger
a - Beastly Appendage     Tmut           #.....       8%          1    #......
b - Sticks to Snakes      Tmut           #.......     12%         2    ###....


Dungeon Overview and Level Annotations

Branches:
Dungeon (2/15)

Altars:
Ashenzari
Gozag


Innate Abilities, Weirdness & Mutations

You cannot wear most types of armour.
You are very stealthy in the water. (Stealth+)
You are amphibious.
You can wear up to eight rings at the same time.
You can use your tentacles to constrict eight enemies at once.
Your skin changes colour to match your surroundings (Stealth+).
Your rubbery body absorbs attacks. (AC +1, EV +1)


Message History

You now have 141 gold pieces (gained 5).
You feel sick.
You feel sick.
There is an escape hatch in the ceiling here.
You feel sick.
You feel sick.
The gnoll is too close now for your liking.
A gnoll is nearby!
You feel sick.
The gnoll shouts!
You hear a shout!
You feel sick.
You feel sick.
You feel sick.
You feel sick.
You feel sick.
There is a stone staircase leading down here.
You feel sick.
The gnoll hits you from afar with a halberd of distortion!
You die...
Your body crumbles into a pile of gold.

######## #......# ########
#......# #######......#
#......#
.(....#......######......####
#####.'..<...............'..#
#######..........##......##.#
.................'g.>....##.#
.........##.....@##.(....##.#
.####.....#..........######.#
.# #.....#..........# #.#####
.# #.....#..........# #......
.####.....)###.......#
#######
.....................# #
.......###...........# #
.......##............#### #
#########......#........# #


You could see a gnoll.

Vanquished Creatures
  A gnoll (D:2)
  An adder (D:2)
  A worm (D:2)
  3 dart slugs
  A leopard gecko (D:2)
  2 giant cockroaches (D:2)
  A hobgoblin (D:2)
  3 jackals (D:1)
  3 bats
  2 frilled lizards (D:2)
  6 kobolds
  2 rats
26 creatures vanquished.

Notes
Turn   | Place    | Note
-------+----------+-------------------------------------------
     0 | D:1      | prawnwizard the Octopode Transmuter began the quest for the Orb.
     0 | D:1      | Reached XP level 1. HP: 13/13 MP: 3/3
    98 | D:1      | Reached XP level 2. HP: 17/18 MP: 5/5
   263 | D:1      | Found a shattered altar of Ashenzari.
   734 | D:2      | Found an opulent altar of Gozag.
   991 | D:2      | Became a worshipper of Gozag Ym Sagoz the Greedy
  1003 | D:2      | Learned a level 2 spell: Sticks to Snakes
  1023 | D:2      | Reached XP level 3. HP: 19/23 MP: 6/6
  1308 | D:2      | Mangled by a gnoll

Action                   || total
-------------------------++-------
Melee: Unarmed           ||    68
       Constrict         ||    21
       Tentacles         ||    11
 Stab: Sleeping          ||     9
  Eat: Chunk             ||     1
Armor: Skin              ||     9
Dodge: Dodged            ||    38
